 Dungeon Crawl Stone Soup version 0.29-a0-323-g050149af67 (webtiles) character file.

Game seed: 14337454683622658759

4043 Alarak the Bludgeoner (level 10, -1/83 HPs)
             Began as a Minotaur Fighter on Apr 11, 2022.
             Engulfed by a cloud of freezing vapour (23 damage)
             ... on level 7 of the Dungeon.
             The game lasted 00:22:09 (7323 turns).

Alarak the Bludgeoner (Minotaur Fighter)            Turns: 7323, Time: 00:22:10

Health: -1/83      AC: 15    Str: 26    XL:     10   Next: 4%
Magic:  9/9        EV:  8    Int:  5    God:
Gold:   331        SH:  4    Dex:  9    Spells: 9/9 levels left

rFire   . . .      SeeInvis .   e - +10 morningstar "Eos" {elec, Halo rElec}
rCold   . . .      Faith    .   c - +0 buckler
rNeg    . . .      Spirit   .   m - +0 chain mail
rPois   .          Reflect  .   t - +2 hat
rElec   +          Harm     .   J - +2 cloak
rCorr   .          Rampage  .   s - +0 pair of gloves
Will    .....                   (no boots)
Stlth   ..........              (no amulet)
HPRegen 0.23/turn               (no ring)
MPRegen 0.11/turn               (no ring)

@: glowing
A: horns 2, retaliatory headbutt
a: no special abilities


You were on level 7 of the Dungeon.
You visited 2 branches of the dungeon, and saw 8 of its levels.
You also visited: Ossuary and Bailey.

You collected 331 gold pieces.

Inventory:

Hand Weapons
 a - a +0 flail
 e - the +10 morningstar "Eos" (weapon) {elec, Halo rElec}
   (You acquired it on level 2 of the Dungeon)

   It occasionally discharges a powerful burst of electricity upon striking a
   foe.
   It grants its wielder a halo, increasing accuracy against those within it.
   rElec:     It insulates you from electricity.
 j - a +0 whip
Armour
 b - a +0 scale mail
 c - a +0 buckler (worn)
 m - a +0 chain mail (worn)
 s - a +0 pair of gloves (worn)
 t - a +2 hat (worn)
 J - a +2 cloak (worn)
 O - the +3 salamander hide armour {Flames rF++ rC--}
   (You found it in a bailey)

   It surrounds you with a cloud of flames.
   It grants immunity to clouds of flame.
   It enhances your fire magic.
   rF:        It greatly protects you from fire.
   rC:        It makes you very vulnerable to cold.
 P - a +4 chain mail of fire resistance
Jewellery
 y - a ring of resist corrosion
Wands
 p - a wand of iceblast (12)
 v - a wand of acid (1)
 F - a wand of flame (51)
 Q - a wand of mindburst (11)
Scrolls
 f - 3 scrolls of amnesia
 i - 2 scrolls of noise {unknown}
 n - 2 scrolls of teleportation
 o - 8 scrolls of identify
 q - a scroll of fog {unknown}
 w - 2 scrolls of fear
 A - 3 scrolls of magic mapping {unknown}
 B - 2 scrolls of enchant weapon {unknown}
 C - a scroll of summoning {unknown}
 D - a scroll of holy word {unknown}
 G - 3 scrolls of immolation {unknown}
 H - a scroll of acquirement
 I - 2 scrolls of vulnerability {unknown}
 K - 2 scrolls of enchant armour {unknown}
 M - a scroll of blinking {unknown}
Potions
 d - a potion of might
 g - 6 potions of curing
 h - 4 potions of mutation {unknown}
 k - 2 potions of invisibility {unknown}
 l - 2 potions of lignification {unknown}
 r - a potion of resistance {unknown}
 u - 3 potions of degeneration {unknown}
 x - 2 potions of heal wounds {unknown}
 z - 6 potions of attraction {unknown}
 E - a potion of flight {unknown}
 L - a potion of haste {unknown}
 R - a potion of brilliance {unknown}
Miscellaneous
 N - a lightning rod (4/4)


   Skills:
 + Level 5.8 Fighting
 - Level 16.4 Maces & Flails
 - Level 3.6 Armour
 - Level 3.6 Shields


You had 9 spell levels left.
You didn't know any spells.
Your spell library contained the following spells:

 Spells                   Type           Power      Damage    Failure   Level
 Apportation              Tloc           0%         N/A       99%         1
 Sandblast                Erth           0%         2d4       99%         1
 Ensorcelled Hibernation  Hex/Ice        0%         N/A       100%        2
 Passwall                 Tmut/Erth      0%         N/A       100%        2
 Ignite Poison            Fire/Tmut/Pois 0%         N/A       100%        3
 Mephitic Cloud           Conj/Pois/Air  0%         N/A       100%        3
 Spider Form              Tmut/Pois      0%         N/A       100%        3
 Stone Arrow              Conj/Erth      0%         3d7       100%        3
 Tukima's Dance           Hex            0%         N/A       100%        3
 Airstrike                Air            0%         N/A       100%        4
 Anguish                  Hex/Necr       0%         N/A       100%        4
 Passage of Golubria      Tloc           0%         N/A       100%        4
 Summon Lightning Spire   Summ/Air       0%         N/A       100%        4
 Alistair's Intoxication  Tmut/Pois      0%         N/A       100%        5
 Freezing Cloud           Conj/Ice/Air   0%         6-21      100%        5
 Lightning Bolt           Conj/Air       0%         1d11      100%        5
 Yara's Violent Unravell  Hex/Tmut       0%         3d3       100%        5


Dungeon Overview and Level Annotations

Branches:
Dungeon (7/15)             Temple (1/1) D:4         Ossuary (visited)
 Bailey (visited)

Altars:
Ashenzari
Cheibriados
Dithmenos
Elyvilon
Fedhas
Gozag
Kikubaaqudgha
Nemelex Xobeh
Qazlal
Ru
Sif Muna
Trog
Xom
Yredelemnul
Zin
The Shining One

Shops:
D:5 [


Innate Abilities, Weirdness & Mutations

You have a pair of horns on your head.
You reflexively headbutt those who attack you in melee.


Message History

Partly explored, can't reach some places.
Partly explored, can't reach some places.
You see here a +0 spear.
You see here a +0 halberd.
You see here a +0 spear.
You see here a +0 spear.
You can't go down here!
You can't go up here!
There is a gate leading back out of this place here.
Welcome back to the Dungeon!
There is an empty arch of ancient stone here.
A white imp comes into view.
The white imp shouts!
You see here a wand of mindburst (11).
You block the white imp's attack.
You bludgeon the white imp!!
You kill the white imp!
Q - a wand of mindburst (11)
You open the door.
There is an open door here.
R - a bubbling blue potion
There is an open door here.
There is an escape hatch in the ceiling here.
G - 3 scrolls labelled WUGROENE VIRU (gained 1)
Found a robe.
Found a spear.
Found a dazzling hat.
Found 7 gold pieces.
You open the door.
Really walk into a travel-excluded area? [Y]es or [N]o only, please.
Really walk into a travel-excluded area?
There is an open door here.
You are engulfed in freezing vapours.
You are engulfed in freezing vapours.
You are engulfed in freezing vapours.
* * * LOW HITPOINT WARNING * * *
You are engulfed in freezing vapours.
You are engulfed in freezing vapours.
You die...

#.#.####
#.#°#.##.....#......
#...#
#.#°#.#.............
#####
#.#°#.#........####.
#.#°#.#........# #.
#.#°#.########## #.
#.#°#.## #. #.#°#(##
#. #.#°#[## #.
#.#@#)## ## #.'.#[##
##. ###.#$## #..
####### #.. #######
#.. #.. #.. #.. #..


There were no monsters in sight!

Vanquished Creatures
  Joseph (D:7)
  A gargoyle (Bailey)
  A hornet (D:5)
  Prince Ribbit (D:7)
  A vampire (Bailey)
  An orc warrior (D:6)
  An ice beast (D:4)
  A sky beast (D:7)
  A black bear (D:7)
  A centaur (D:5)
  2 phantoms
  2 kobold brigands
  A bullfrog (D:6)
  11 scorpions
  7 vampire bats (Bailey)
  3 howler monkeys
  3 wolf zombies (Bailey)
  3 centaur zombies (Ossuary)
  A human zombie (Ossuary)
  5 hounds
  A jelly (D:6)
  A gnoll shaman (D:7)
  2 orc priests
  3 iguanas
  Ijyb (D:5)
  3 scorpion zombies (Ossuary)
  2 orc wizards
  4 mummies
  5 gnolls (D:7)
  7 adders
  A white imp (D:7)
  An ufetubus (D:7)
  4 worms
  19 orcs
  4 endoplasms
  4 giant cockroaches
  3 gnoll zombies (Ossuary)
  4 goblins
  7 hobgoblins
  8 jackals (D:1)
  3 quokkas
  7 ball pythons
  8 bats
  4 frilled lizards
  3 goblin zombies (Ossuary)
  2 hobgoblin zombies (Ossuary)
  9 kobolds
  A kobold zombie (Ossuary)
  28 orc zombies
197 creatures vanquished.

Notes
Turn   | Place    | Note
-------+----------+-------------------------------------------
     0 | D:1      | Alarak the Minotaur Fighter began the quest for the Orb.
     0 | D:1      | Reached XP level 1. HP: 19/19 MP: 0/0
    61 | D:1      | Reached skill level 3 in Maces & Flails
   134 | D:1      | Reached XP level 2. HP: 22/26 MP: 1/1
   331 | D:1      | Reached skill level 4 in Maces & Flails
   587 | D:1      | Found a faded altar of an unknown god.
   997 | D:2      | Reached XP level 3. HP: 13/31 MP: 2/2
  1254 | D:2      | You fall into a shaft and drop 1 floor!
  2008 | D:2      | Identified a scroll of acquirement
  2008 | D:2      | Acquired the +10 morningstar "Eos" {elec, Halo rElec}
  2008 | D:2      | Found the +10 morningstar "Eos" {elec, Halo rElec}
  2096 | D:3      | Reached skill level 5 in Maces & Flails
  2492 | D:3      | Found a shadowy altar of Dithmenos.
  2537 | D:3      | Found a shimmering altar of Xom.
  2642 | D:4      | Noticed an ice beast
  2643 | D:4      | Killed an ice beast
  2644 | D:4      | Reached skill level 6 in Maces & Flails
  2644 | D:4      | Reached XP level 4. HP: 39/39 MP: 3/3
  2644 | D:4      | Reached XP level 5. HP: 45/45 MP: 4/4
  2645 | D:4      | Found a white marble altar of Elyvilon.
  2748 | D:4      | Found a sacrificial altar of Ru.
  2809 | D:4      | Reached skill level 7 in Maces & Flails
  2813 | D:4      | Reached XP level 6. HP: 31/51 MP: 5/5
  2934 | D:4      | Found a staircase to the Ecumenical Temple.
  2940 | D:4      | Reached skill level 8 in Maces & Flails
  3195 | D:4      | Found a basalt altar of Yredelemnul.
  3215 | Temple   | Entered the Ecumenical Temple
  3645 | D:5      | Entered Level 5 of the Dungeon
  3648 | D:5      | Found a sand-covered staircase.
  3654 | Ossuary  | Entered an ossuary
  3691 | Ossuary  | Reached skill level 9 in Maces & Flails
  3708 | Ossuary  | Reached XP level 7. HP: 56/57 MP: 6/6
  3719 | Ossuary  | Reached skill level 10 in Maces & Flails
  3822 | Ossuary  | Reached skill level 11 in Maces & Flails
  3864 | Ossuary  | Reached XP level 8. HP: 46/64 MP: 7/7
  4097 | D:5      | Found Juac's Armour Emporium.
  4281 | D:5      | Reached skill level 12 in Maces & Flails
  4428 | D:5      | Noticed a hornet
  4432 | D:5      | Killed a hornet
  4446 | D:5      | Noticed Ijyb
  4469 | D:5      | Killed Ijyb
  4534 | D:5      | Reached skill level 13 in Maces & Flails
  4941 | D:6      | Reached skill level 14 in Maces & Flails
  4941 | D:6      | Reached XP level 9. HP: 32/70 MP: 8/8
  5355 | D:6      | Found a blossoming altar of Fedhas.
  5821 | D:6      | Found a glowing golden altar of the Shining One.
  6188 | D:7      | Reached skill level 15 in Maces & Flails
  6300 | D:7      | Noticed Prince Ribbit
  6305 | D:7      | Noticed Joseph
  6306 | D:7      | Killed Prince Ribbit
  6313 | D:7      | Killed Joseph
  6579 | D:7      | Found a flagged portal.
  6587 | Bailey   | Entered a bailey
  6655 | Bailey   | Reached skill level 16 in Maces & Flails
  6846 | Bailey   | Noticed a gargoyle
  6852 | Bailey   | Killed a gargoyle
  6853 | Bailey   | Reached skill level 5 in Fighting
  6913 | Bailey   | Reached XP level 10. HP: 83/83 MP: 9/9
  6921 | Bailey   | Identified the +2 robe of the Cobbler {rN+ rCorr Int+2}
  6945 | Bailey   | Found the +3 salamander hide armour {Flames rF++ rC--}
  7323 | D:7      | Engulfed by a cloud of freezing vapour

Illustrated notes

Levels and vault maps discovered:
D:1:      tarquinn_simple_flora_water_f, layout_loops_ring,
          ebering_ecumenical_altar_abandoned
D:2:      layout_loops_corners, serial_bayou_lake_a
D:3:      layout_rooms, lemuel_doored_altar, nicolae_dithmenos_the_darkroom
D:4:      layout_basic, kennysheep_mini, nicolae_ru_great_annihilating_truth,
          elyvilon_altar_4, minmay_temple_entry_glassed_door
D:5:      layout_basic, nicolae_ossuary_entry_giza, serial_shops,
          nicolae_shop_trees, uniq_ijyb
D:6:      layout_loops_ring, fedhas_altar_3, tso_altar, minmay_misc_feat_roman
D:7:      lemuel_ice_spiral_2, layout_basic, enter_bailey_2,
          minmay_misc_feat_columns, uniq_joseph, uniq_prince_ribbit1
Temple:   kb_temple_of_zot

Skill      XL: |  1  2  3  4  5  6  7  8  9 |
---------------+----------------------------+-----
Maces & Flails | 3 4 6 7 9 11 14 16 | 16.4
Fighting       | 5 |  5.8
Armour         | |  3.6
Shields        | |  3.6

Action                   |  1- 3 |  4- 6 |  7- 9 | 10-12 || total
-------------------------+-------+-------+-------+-------++-------
Melee: Flail             |    91 |       |       |       ||    91
       Headbutt          |    11 |    10 |    23 |       ||    44
       Morningstar       |    18 |    54 |   166 |     4 ||   242
  Use: Scroll            |     5 |       |       |       ||     5
 Stab: Paralysed         |       |     1 |       |       ||     1
Armor: Scale mail        |    42 |       |       |       ||    42
       Chain mail        |     7 |    19 |    78 |     2 ||   106
Dodge: Dodged            |    41 |    18 |    55 |     4 ||   118
Block: Buckler           |    20 |    12 |    34 |     1 ||    67

Table legend: (Time is in decaauts)
 A = Elapsed time spent in this place.
 B = Non-inter-level travel time spent in this place.
 C = Inter-level travel time spent in this place.
 D = Time resting spent in this place.
 E = Time spent auto-exploring this place.
 F = Levels seen in this place.
 G = Mean time per level.
                   A        B        C        D        E       F      G
               +--------+--------+--------+--------+--------+-----+--------+
         Total |   7359 |   7088 |    271 |   1032 |   4827 |  10 |  735.9 |
       Dungeon |   6298 |   6048 |    250 |   1032 |   4153 |   7 |  899.7 |
        Temple |    134 |    113 |     21 |      0 |    107 |   1 |  134.0 |
       Ossuary |    434 |    434 |      0 |      0 |    292 |   1 |  434.0 |
        Bailey |    491 |    491 |      0 |      0 |    275 |   1 |  491.0 |
               +--------+--------+--------+--------+--------+-----+--------+

Top non-repeatable levels by time:
     D:2: 1120 daAuts
     D:6: 1069 daAuts
     D:7: 878 daAuts
     D:4: 874 daAuts
     D:3: 809 daAuts
     D:5: 780 daAuts
     D:1: 765 daAuts
  Bailey: 491 daAuts
 Ossuary: 434 daAuts
  Temple: 134 daAuts
